[Event "ICC tourney 1941 (7 2)"]
[Site "Internet Chess Club"]
[Date "2020.07.31"]
[Round "6"]
[White "jsl1996"]
[Black "speedskater"]
[Result "1-0"]
[ICCResult "Black forfeits on time"]
[WhiteElo "2126"]
[BlackElo "1856"]
[Opening "QGD Slav defense: exchange variation"]
[ECO "D10"]
[NIC "SL.01"]
[Time "21:51:12"]
[TimeControl "420+2"]

1. d4 d5 2. c4 c6 3. cxd5 cxd5 4. Bf4 Nc6 5. e3 Nf6 6. Nc3 a6 7. Be2 Bf5 8.
g4 Bg6 9. Qb3 Na5 10. Qa4+ Nc6 11. Nf3 e6 12. Ne5 Qb6 13. O-O Nd7 14. Nxc6
bxc6 15. Rfc1 Be7 16. Nd1 c5 17. dxc5 Bxc5 18. a3 Qa7 19. b4 Bb6 20. Bd6 f6
21. Rc6 Kd8 22. Rac1 Be8 23. Qc2 Qb7 24. a4 Bg6 25. Qc3 d4 26. exd4 Be4 27.
Bc7+ Bxc7 28. Rxc7 Qb6 29. Ne3 Ke7 30. f3 Bb7 31. a5 Qa7 32. b5 axb5 33.
Qb4+ {Black forfeits on time} 1-0

[Event "ICC tourney 1941 (7 2)"]
[Site "Internet Chess Club"]
[Date "2020.07.31"]
[Round "6"]
[White "sahilmd"]
[Black "helavir"]
[Result "0-1"]
[ICCResult "White resigns"]
[WhiteElo "2141"]
[BlackElo "2222"]
[Opening "QGD semi-Slav: Stoltz variation"]
[ECO "D45"]
[NIC "SL.08"]
[Time "21:51:11"]
[TimeControl "420+2"]

1. d4 d5 2. c4 e6 3. Nc3 c6 4. e3 Nf6 5. Nf3 Nbd7 6. Qc2 b6 7. b3 Bb7 8. Be2
Bd6 9. O-O O-O 10. e4 dxe4 11. Nxe4 Nxe4 12. Qxe4 Qc7 13. Bd3 g6 14. Bh6 c5
15. Qe2 Rfe8 16. Be4 Bxe4 17. Qxe4 cxd4 18. Qxd4 e5 19. Qd5 Nf6 20. Qd2 e4
21. Qc3 exf3 22. Qxf6 Bxh2+ 23. Kh1 fxg2+ 24. Kxg2 Be5 25. Qh4 Qc6+ 26. f3
Bxa1 27. Rxa1 Re2+ 28. Kg3 Qd6+ 29. Bf4 Qd4 30. Rf1 Rae8 31. Qh6 Re1 32.
Rxe1 Rxe1 33. Bd2 Rg1+ 34. Kh2 Qf2+ {White resigns} 0-1

[Event "ICC tourney 1941 (7 2)"]
[Site "Internet Chess Club"]
[Date "2020.07.31"]
[Round "6"]
[White "rjc64uk"]
[Black "londonkid"]
[Result "0-1"]
[ICCResult "White checkmated"]
[WhiteElo "1745"]
[BlackElo "1870"]
[Opening "French: Two knights variation"]
[ECO "C00"]
[NIC "FR.01"]
[Time "21:51:07"]
[TimeControl "420+2"]

1. e4 e6 2. Nc3 d5 3. Nf3 Nf6 4. e5 Nfd7 5. d4 c5 6. dxc5 Nc6 7. Bf4 Bxc5 8.
Bd3 h6 9. h4 Qb6 10. O-O a6 11. a3 Qc7 12. Qe2 b5 13. g3 Bb7 14. Nxd5 Qd8
15. Nc3 g5 16. hxg5 hxg5 17. Bxg5 Nd4 18. Bxd8 Bxf3 19. Qxf3 Nxf3+ 20. Kg2
Ndxe5 21. Bc7 Rh2# {White checkmated} 0-1

[Event "ICC tourney 1941 (7 2)"]
[Site "Internet Chess Club"]
[Date "2020.07.31"]
[Round "6"]
[White "steinutz"]
[Black "clair"]
[Result "1-0"]
[ICCResult "Black forfeits on time"]
[WhiteElo "1538"]
[BlackElo "1259"]
[Opening "Modern defense"]
[ECO "A40"]
[NIC "QO.17"]
[Time "21:51:04"]
[TimeControl "420+2"]

1. d4 g6 2. Bg5 h6 3. Bh4 Bg7 4. Nc3 d6 5. e4 Nd7 6. Bc4 g5 7. Bg3 e6 8.
Nge2 a6 9. a3 b5 10. Ba2 Bb7 11. O-O Ngf6 12. d5 exd5 13. exd5 O-O 14. Nd4
Nh5 15. Nf5 Nxg3 16. fxg3 Qf6 17. Nxg7 Qxg7 18. Re1 Rae8 19. Qf3 Ne5 20. Qf2
Ng4 21. Qa7 Rb8 22. Re7 Qf6 23. Rxc7 Ba8 24. Rf1 Qg6 25. h3 Ne5 26. Kh2 h5
27. Ne2 Rbc8 28. Nd4 Rxc7 29. Qxc7 Qe4 30. Nf5 Nc4 31. Nh6+ Kg7 32. Nxf7
{Black forfeits on time}
1-0

[Event "ICC tourney 1941 (7 2)"]
[Site "Internet Chess Club"]
[Date "2020.07.31"]
[Round "6"]
[White "atippa"]
[Black "Viking21"]
[Result "0-1"]
[ICCResult "White resigns"]
[WhiteElo "1345"]
[BlackElo "1493"]
[Opening "English: Neo-Catalan accepted"]
[ECO "A13"]
[NIC "RE.10"]
[Time "21:51:07"]
[TimeControl "420+2"]

1. Nf3 d5 2. c4 e6 3. g3 Nf6 4. Bg2 dxc4 5. Qc2 a6 6. Qxc4 b5 7. Qc2 Bb7 8.
O-O Be7 9. b3 O-O 10. Bb2 c5 11. d3 Nc6 12. Nbd2 Rc8 13. Rac1 Nb4 14. Qb1
Ne8 15. a3 Nd5 16. Ne4 Qb6 17. Qa1 h6 18. Ne5 Nef6 19. Nxf6+ Nxf6 20. Bxb7
Qxb7 21. Nf3 Qd5 22. Nd2 Qh5 23. a4 Qxe2 24. Ne4 Ne8 25. d4 Qxe4 26. dxc5
Bxc5 27. axb5 axb5 28. b4 Qxb4 29. Ba3 Qxa3 30. Qxa3 Bxa3 31. Rxc8 Nd6 32.
Rxf8+ Kxf8 33. Rb1 Ke7 34. Kf1 b4 35. Ke2 Ne4 36. Ke3 Nc3 37. Rb3 Kd6 38. f4
Kd5 39. Kd3 Ne4 40. Rb1 Nc5+ 41. Kc2 Kc4 42. Rf1 b3+ 43. Kb1 Ne4 44. Rd1
Nc3+ {White resigns} 0-1

[Event "ICC tourney 1941 (7 2)"]
[Site "Internet Chess Club"]
[Date "2020.07.31"]
[Round "6"]
[White "MasterZachary"]
[Black "vyomvidy"]
[Result "0-1"]
[ICCResult "White checkmated"]
[WhiteElo "2179"]
[BlackElo "1811"]
[Opening "Giuoco Piano"]
[ECO "C54"]
[NIC "IG.02"]
[Time "21:51:06"]
[TimeControl "420+2"]

1. e4 e5 2. Nf3 Nc6 3. Bc4 Bc5 4. c3 Nf6 5. d3 a6 6. Nbd2 O-O 7. a4 Ba7 8.
O-O d6 9. Re1 h6 10. Nf1 Ne7 11. Ng3 Ng6 12. d4 Re8 13. Qb3 Qd7 14. Nf5 d5
15. Nxh6+ gxh6 16. exd5 exd4 17. Bxh6 dxc3 18. Qxc3 Bxf2+ 19. Kf1 Rxe1+ 20.
Rxe1 Qf5 21. Rd1 Bc5 22. Bd3 Qh5 23. Bg5 Bg4 24. Qxf6 Bxf3 25. gxf3 Qh3+ 26.
Ke2 Qg2+ 27. Ke1 Qf2# {White checkmated} 0-1

[Event "ICC tourney 1941 (7 2)"]
[Site "Internet Chess Club"]
[Date "2020.07.31"]
[Round "6"]
[White "Goran21"]
[Black "justinchess"]
[Result "0-1"]
[ICCResult "White checkmated"]
[WhiteElo "1788"]
[BlackElo "2141"]
[Opening "Sicilian"]
[ECO "B50"]
[NIC "SI.01"]
[Time "21:51:12"]
[TimeControl "420+2"]

1. e4 c5 2. Nf3 d6 3. c3 Nf6 4. h3 g6 5. Bd3 Bg7 6. Bc2 O-O 7. O-O Nc6 8. d4
cxd4 9. cxd4 Nb4 10. Bb3 Nc6 11. Nc3 e5 12. dxe5 Nxe5 13. Nxe5 dxe5 14. Qe2
h6 15. Be3 Qe7 16. Rac1 Be6 17. Nd5 Bxd5 18. exd5 Rfd8 19. Rfd1 Ne4 20. Qg4
Nd6 21. Qb4 Kh7 22. Rc2 f5 23. Rdc1 Rd7 24. Ba4 b5 25. Bxb5 Rb8 26. a4 a6
27. Rc6 axb5 28. Bc5 Rbd8 29. axb5 e4 30. b6 Be5 31. Bd4 Qf6 32. Bc5 Qg5 33.
Bxd6 Bxd6 34. Qb5 e3 35. Qe2 Re7 36. b4 Qf4 37. g3 exf2+ 38. Qxf2 Qxb4 39.
h4 Qg4 40. Re1 Rxe1+ 41. Qxe1 Qd4+ 42. Kh2 Qxd5 43. Qc3 Rd7 44. h5 gxh5 45.
Rc8 Be5 46. Qa3 h4 47. Rc1 hxg3+ 48. Kh3 Qe4 49. Qa6 g2 50. Qc4 Qf3+ 51. Kh4
Bf6# {White checkmated} 0-1

[Event "ICC tourney 1941 (7 2)"]
[Site "Internet Chess Club"]
[Date "2020.07.31"]
[Round "6"]
[White "playtowin2020"]
[Black "DejaVu"]
[Result "1-0"]
[ICCResult "Black forfeits on time"]
[WhiteElo "1589"]
[BlackElo "1333"]
[Opening "Scotch gambit: Dubois-Réti defense"]
[ECO "C55"]
[NIC "KP.02"]
[Time "21:51:11"]
[TimeControl "420+2"]

1. e4 e5 2. Nf3 Nc6 3. d4 exd4 4. Bc4 Nf6 5. e5 d5 6. Bb5 Nd7 7. Bxc6 bxc6
8. Qxd4 Be7 9. O-O O-O 10. Re1 Nb6 11. Nc3 c5 12. Qf4 h6 13. Qg3 Kh8 14. h3
Bf5 15. Re2 d4 16. Ne4 Qd5 17. Qf4 Bg6 18. Nf6 Qe6 19. Ng4 Nd5 20. Qg3 Rad8
21. Bf4 Nb4 22. c3 d3 23. Rd2 Nc2 24. Rad1 c4 25. Ne3 Nxe3 26. Bxe3 c5 27.
Bf4 Rd5 28. Nh2 Bh5 29. Ng4 f5 30. exf6 Bxf6 31. Nxf6 Qxf6 32. Re1 Qxf4 33.
Qxf4 Rxf4 34. g4 Bg6 35. Re7 Rf7 36. Re8+ Kh7 37. Re6 Rdd7 38. Rc6 Rf4 39.
Rxc5 Rdf7 40. Kg2 Be4+ 41. Kg1 Rf3 42. Re5 Bb7 43. Re3 Rxe3 44. fxe3 Bf3 45.
b3 cxb3 46. axb3 Be2 47. Kg2 Rc7 48. c4 Rb7 49. Rb2 {Black forfeits on time}
1-0

[Event "ICC tourney 1941 (7 2)"]
[Site "Internet Chess Club"]
[Date "2020.07.31"]
[Round "6"]
[White "Redbaron"]
[Black "AmyMGL"]
[Result "1-0"]
[ICCResult "Black forfeits on time"]
[WhiteElo "2349"]
[BlackElo "1539"]
[Opening "Sicilian: Kan, 5.Bd3"]
[ECO "B42"]
[NIC "SI.42"]
[Time "21:51:19"]
[TimeControl "420+2"]

1. e4 c5 2. Nf3 e6 3. d4 cxd4 4. Nxd4 a6 5. Bd3 Nf6 6. O-O Qc7 7. Qe2 Bc5 8.
Nb3 Ba7 9. Be3 Bxe3 10. Qxe3 Nc6 11. h3 d5 12. N1d2 O-O 13. c3 Rd8 14. Rad1
b5 15. Rfe1 h6 16. e5 Nh7 17. f4 Ne7 18. Nd4 Nf8 19. Nf1 Nd7 20. Ng3 Nc5 21.
Bb1 Bb7 22. Nh5 Na4 23. Qg3 g6 24. Rd2 Nb6 25. Nf6+ Kg7 26. Rd3 Nc4 27. Re2
Nf5 28. Nxf5+ exf5 29. Rd4 b4 30. Bxf5 bxc3 31. bxc3 Qb6 32. Kh2 Bc8 33.
Bxc8 Raxc8 34. Nxd5 Qb1 35. e6 Nd6 36. Ne7 Rc7 37. f5 Rxe7 38. Rxd6 Rxd6 39.
Qxd6 Qxf5 40. Qxe7 Qf4+ 41. g3 {Black forfeits on time} 1-0

[Event "ICC tourney 1941 (7 2)"]
[Site "Internet Chess Club"]
[Date "2020.07.31"]
[Round "6"]
[White "Joelpaulg"]
[Black "harkerchess"]
[Result "1-0"]
[ICCResult "Black forfeits on time"]
[WhiteElo "1479"]
[BlackElo "1363"]
[Opening "Caro-Kann: advance variation"]
[ECO "B12"]
[NIC "CK.02"]
[Time "21:51:17"]
[TimeControl "420+2"]

1. e4 c6 2. d4 d5 3. e5 c5 4. c3 Nc6 5. Nf3 Bg4 6. Be2 e6 7. O-O Qb6 8. a4
a6 9. Na3 Bxf3 10. Bxf3 cxd4 11. cxd4 Qxd4 12. Qb3 Qb4 13. Qd3 Nxe5 14. Qe3
Nxf3+ 15. Qxf3 Nf6 16. Nc2 Qc5 17. Ne3 Be7 18. b4 Qc7 19. Bb2 O-O 20. Rac1
Qd7 21. Rcd1 Qxa4 22. Ng4 Ne4 23. Rfe1 Qxb4 24. Ba1 Qa3 25. Re3 Qa4 26. Nh6+
gxh6 27. Qg4+ Bg5 28. Bf6 Qxd1+ 29. Qxd1 Nxf6 30. Rb3 Rac8 31. Rb1 b5 32. g3
Ne4 33. h4 Nc3 34. Qg4 f5 35. Qh5 Nxb1 36. hxg5 hxg5 37. Qxg5+ Kh8 38. Qe3
Nc3 39. Qe5+ Kg8 40. Qxe6+ Kg7 41. Qe5+ Rf6 42. Qe7+ Kg6 43. g4
{Black forfeits on time}
1-0

[Event "ICC tourney 1941 (7 2)"]
[Site "Internet Chess Club"]
[Date "2020.07.31"]
[Round "6"]
[White "Kokoro"]
[Black "Sricharan07"]
[Result "1-0"]
[ICCResult "Black resigns"]
[WhiteElo "1777"]
[BlackElo "1576"]
[Opening "French: King's Indian attack"]
[ECO "C00"]
[NIC "FR.02"]
[Time "21:51:44"]
[TimeControl "420+2"]

1. e4 e6 2. d3 d5 3. Nd2 Nf6 4. Ngf3 Be7 5. g3 b6 6. e5 Nfd7 7. d4 c5 8. c3
Ba6 9. Bxa6 Nxa6 10. O-O Nc7 11. a4 a6 12. Qe2 b5 13. h4 c4 14. Nh2 Nb6 15.
a5 Nd7 16. h5 b4 17. f4 Nb5 18. Qe3 Qc7 19. f5 O-O-O 20. fxe6 fxe6 21. Rf7
Bf8 22. Ndf3 Qc6 23. Ng5 g6 24. Nxh7 gxh5 25. Bd2 Nb8 26. Raf1 bxc3 27. bxc3
Ba3 28. Nf3 Rd7 29. Nfg5 Rxf7 30. Rxf7 Qe8 31. Qf3 Nc7 32. Qd1 Rg8 33. Nf6
Qd8 34. Rxc7+ Kxc7 35. Nxe6+ {Black resigns} 1-0

[Event "ICC tourney 1941 (7 2)"]
[Site "Internet Chess Club"]
[Date "2020.07.31"]
[Round "6"]
[White "AccuratePotato"]
[Black "AVS"]
[Result "0-1"]
[ICCResult "White resigns"]
[WhiteElo "1322"]
[BlackElo "1319"]
[Opening "Catalan: closed, 6...Nbd7"]
[ECO "E07"]
[NIC "QP.08"]
[Time "21:51:07"]
[TimeControl "420+2"]

1. d4 d5 2. Nf3 Nf6 3. c4 e6 4. g3 Nbd7 5. Bg2 Be7 6. O-O O-O 7. Nc3 b6 8.
Ne5 Bb7 9. cxd5 Nxd5 10. Nxd5 Bxd5 11. Bxd5 exd5 12. Nc6 Qe8 13. Nxe7+ Qxe7
14. Bf4 Nf6 15. Rc1 Rac8 16. Qd3 Rfe8 17. Rfe1 Nh5 18. Be3 Nf6 19. Bg5 h6
20. Bxf6 Qxf6 21. e3 a5 22. Rc2 Re7 23. Rec1 Qg5 24. Qa6 Qf5 25. Qb7 g6 26.
Rxc7 Rexc7 27. Rxc7 Rxc7 28. Qxc7 Qb1+ 29. Kg2 Qxb2 30. Qd8+ Kg7 31. Qxd5 b5
32. Qb3 Qxb3 33. axb3 a4 34. d5 a3 35. d6 Kf6 {White resigns} 0-1

[Event "ICC tourney 1941 (7 2)"]
[Site "Internet Chess Club"]
[Date "2020.07.31"]
[Round "6"]
[White "LChessMaster"]
[Black "binomialfactor"]
[Result "0-1"]
[ICCResult "White forfeits on time"]
[WhiteElo "1538"]
[BlackElo "1776"]
[Opening "QGD: 4.Nf3"]
[ECO "D37"]
[NIC "QP.08"]
[Time "21:51:08"]
[TimeControl "420+2"]

1. d4 d5 2. c4 e6 3. Nf3 Nf6 4. Nc3 Be7 5. e3 O-O 6. Bd2 c5 7. cxd5 Nxd5 8.
Bd3 Nc6 9. Qc2 cxd4 10. Nxd5 Qxd5 11. Bxh7+ Kh8 12. Be4 Qc5 13. Qxc5 Bxc5
14. exd4 Nxd4 15. Rc1 Nxf3+ 16. Bxf3 Bd6 17. O-O Rb8 18. Rfd1 b6 19. Be3 Be5
20. Bd4 Bf4 21. Rc4 e5 22. Be3 Bxe3 23. fxe3 Be6 24. Bd5 Rfd8 25. e4 Rbc8
26. Rxc8 Bxc8 27. Rc1 f5 28. Rc7 fxe4 29. Bxe4 Be6 30. Rxa7 Rd1+ 31. Kf2 Kg8
32. Bg6 Kf8 33. Ra8+ Ke7 34. Ke2 Ra1 35. Be4 Rxa2 36. Rxa2 Bxa2 37. Kd3 Bb1+
38. Ke3 Ba2 {White forfeits on time} 0-1

[Event "ICC tourney 1941 (7 2)"]
[Site "Internet Chess Club"]
[Date "2020.07.31"]
[Round "6"]
[White "BreatheChessAls"]
[Black "Vish1080"]
[Result "0-1"]
[ICCResult "White checkmated"]
[WhiteElo "1583"]
[BlackElo "1725"]
[Opening "Queen's pawn: London system"]
[ECO "A45"]
[NIC "QP.07"]
[Time "21:51:07"]
[TimeControl "420+2"]

1. d4 Nf6 2. Bf4 d6 3. e3 g6 4. Nc3 Bg7 5. Be2 O-O 6. h4 Nbd7 7. h5 e5 8.
Bg5 h6 9. Bxf6 Qxf6 10. Ne4 Qf5 11. g4 Qxe4 12. Bf3 Qxf3 13. Nxf3 exd4 14.
Nxd4 c5 15. Nf3 Bxb2 16. Rb1 Bc3+ 17. Kf1 Ne5 18. Nxe5 Bxe5 19. f4 Bg7 20.
hxg6 fxg6 21. Qxd6 Rf6 22. Qd8+ Rf8 23. Qd5+ Kh7 24. g5 h5 25. Kg1 Bf5 26.
e4 Bg4 27. e5 Rad8 28. Qxb7 Rxf4 29. Rh2 Rd7 30. Qb8 Re4 31. Qa8 Rxe5 32.
Rg2 Rf5 33. Rxg4 hxg4 34. Kg2 Rd2+ 35. Kg3 Be5+ 36. Kxg4 Rf4+ 37. Kh3 Rh2+
38. Kxh2 Rf8+ 39. Kh3 Rxa8 40. Rb7+ Bg7 41. Rc7 Re8 42. Rxc5 Re5 43. Rc7 Ra5
44. c4 Rxa2 45. c5 Rc2 46. c6 a5 47. Ra7 Rxc6 48. Rxa5 Re6 49. Kg4 Re4+ 50.
Kf3 Re5 51. Rxe5 Bxe5 52. Kg4 Kg7 53. Kh4 Kf7 54. Kg4 Ke6 55. Kh4 Kf5 56.
Kh3 Kxg5 57. Kg2 Kg4 58. Kh1 g5 59. Kg2 Bf4 60. Kh1 Kh3 61. Kg1 g4 62. Kh1
g3 63. Kg1 Be3+ 64. Kf1 g2+ 65. Ke2 g1=Q 66. Kd3 Qd1+ 67. Kxe3 Qd5 68. Kf4
Qe6 69. Kg5 Qf7 70. Kh6 Qg8 71. Kh5 Kg3 72. Kh6 Kf4 73. Kh5 Qh7#
{White checkmated}
0-1

[Event "ICC tourney 1941 (7 2)"]
[Site "Internet Chess Club"]
[Date "2020.07.31"]
[Round "6"]
[White "craigsholl66"]
[Black "Samuel-Colt"]
[Result "0-1"]
[ICCResult "White forfeits on time"]
[WhiteElo "1420"]
[BlackElo "1541"]
[Opening "King's Indian: East Indian defense"]
[ECO "A48"]
[NIC "QP.06"]
[Time "21:51:11"]
[TimeControl "420+2"]

1. Nf3 Nf6 2. d4 g6 3. e3 Bg7 4. Be2 d6 5. O-O O-O 6. c4 Nc6 7. Nc3 a6 8. h3
e5 9. d5 Ne7 10. e4 Nd7 11. Bg5 f6 12. Bh4 Qe8 13. Bd3 f5 14. Ng5 Nf6 15. f4
fxe4 16. fxe5 exd3 17. exf6 Bxf6 18. Qxd3 Bf5 19. Qd2 Kg7 20. g4 Bd7 21.
Ne6+ Bxe6 22. Bxf6+ Rxf6 23. Rxf6 Kxf6 24. Qd4+ Kf7 25. Rf1+ Bf5 26. gxf5
Nxf5 27. Qf4 Kg8 28. Ne4 Qe7 29. Ng5 Qe3+ 30. Qxe3 Nxe3 31. Rf4 Re8 32. Ne6
c5 33. Re4 Nf5 34. Rf4 Kf7 35. a3 Kf6 36. Re4 h6 37. b4 b6 38. Kg2 cxb4 39.
axb4 a5 40. bxa5 bxa5 41. c5 dxc5 42. Nxc5 Rxe4 43. Nxe4+ Ke5 44. Nc3 Ne3+
45. Kf3 Nxd5 46. Nb5 a4 47. Kg3 Ke4 48. h4 Kd3 49. Kg4 Nc3 50. Na3 Nd5
{White forfeits on time}
0-1

[Event "ICC tourney 1941 (7 2)"]
[Site "Internet Chess Club"]
[Date "2020.07.31"]
[Round "6"]
[White "saiabhi29"]
[Black "JosephLevine"]
[Result "1-0"]
[ICCResult "Black forfeits on time"]
[WhiteElo "1373"]
[BlackElo "1620"]
[Opening "Queen's pawn, Mason variation"]
[ECO "D00"]
[NIC "QP.08"]
[Time "21:51:10"]
[TimeControl "420+2"]

1. d4 d5 2. Bf4 Nf6 3. e3 Bf5 4. Bd3 Bxd3 5. Qxd3 c6 6. Nf3 e6 7. Nbd2 Bd6
8. Bg3 O-O 9. O-O Bxg3 10. hxg3 Nbd7 11. c3 Re8 12. a4 e5 13. dxe5 Nxe5 14.
Nxe5 Rxe5 15. Nf3 Re8 16. Rfd1 Qb6 17. Rab1 Rad8 18. b4 h6 19. Nd4 g6 20. a5
Qc7 21. Nb3 Ne4 22. Nd2 a6 23. Nxe4 Rxe4 24. Qc2 Rde8 25. Rd4 Qe5 26. Rbd1
Kg7 27. c4 Rxd4 28. Rxd4 dxc4 29. Qxc4 Re7 30. Qc2 h5 31. Qc4 Rc7 32. Qc1
Re7 33. Qc2 Rc7 34. Kh2 Re7 35. Qd2 c5 36. Rd5 Qf6 37. Rxc5 h4 38. g4 Qe6
39. Qd4+ Kh7 40. g5 {Black forfeits on time} 1-0

[Event "ICC tourney 1941 (7 2)"]
[Site "Internet Chess Club"]
[Date "2020.07.31"]
[Round "6"]
[White "MrNormalName"]
[Black "ganzy"]
[Result "1-0"]
[ICCResult "Black checkmated"]
[WhiteElo "1900"]
[BlackElo "1506"]
[Opening "King's Indian: orthodox, Aronin-Taimanov, 9.Ne1"]
[ECO "E98"]
[NIC "KI.03"]
[Time "21:51:56"]
[TimeControl "420+2"]

1. d4 Nf6 2. c4 g6 3. Nc3 Bg7 4. e4 d6 5. Nf3 O-O 6. Be2 e5 7. O-O Nc6 8. d5
Ne7 9. Ne1 Ne8 10. Be3 f5 11. f3 f4 12. Bf2 g5 13. c5 Ng6 14. cxd6 cxd6 15.
a4 h5 16. Nb5 b6 17. a5 Bd7 18. Nxa7 Rxa7 19. Bxb6 Qb8 20. Bxa7 Qxa7+ 21.
Kh1 Nf6 22. Nd3 g4 23. Rg1 g3 24. h3 Qa8 25. a6 Nh7 26. Qb3 Qd8 27. Rge1
Bxh3 28. gxh3 g2+ 29. Kxg2 Qh4 30. Rh1 Qg3+ 31. Kf1 Nh4 32. Nf2 Ng5 33. Rg1
Ngxf3 34. Rxg3 Nd2+ 35. Kg1 fxg3 36. Qxg3 Nhf3+ 37. Bxf3 Rxf3 38. Qg2 h4 39.
a7 Rg3 40. a8=Q+ Kh7 41. Qb7 Nf3+ 42. Kh1 Rxg2 43. Kxg2 Nd2 44. Ra7 Nxe4 45.
Qxg7# {Black checkmated} 1-0

[Event "ICC tourney 1941 (7 2)"]
[Site "Internet Chess Club"]
[Date "2020.07.31"]
[Round "6"]
[White "dabbindino"]
[Black "IndianTerritory"]
[Result "1-0"]
[ICCResult "Black forfeits on time"]
[WhiteElo "1724"]
[BlackElo "1704"]
[Opening "Caro-Kann: two knights variation"]
[ECO "B11"]
[NIC "CK.01"]
[Time "21:51:03"]
[TimeControl "420+2"]

1. e4 c6 2. Nc3 d5 3. Nf3 dxe4 4. Nxe4 Nf6 5. Ng3 Bg4 6. Bc4 e6 7. c3 Bd6 8.
d4 Nbd7 9. O-O c5 10. dxc5 Bxc5 11. h3 Qc7 12. Kh2 Bxf2 13. Rxf2 Ne4 14. Be3
Qxg3+ 15. Kg1 Nxf2 16. Bxf2 Bxf3 17. Bxg3 Bxd1 18. Rxd1 O-O-O 19. Rf1 Nf6
20. Be5 Rhe8 21. Bxf6 gxf6 22. Rxf6 Re7 23. Rh6 Rd2 24. Rxh7 Rxb2 25. Bb3
Kc7 26. h4 Kc6 27. h5 Rd2 28. Rh8 Rd3 29. h6 Kb6 30. h7 f5 31. Bxe6 Rxe6 32.
Rg8 Rh6 33. Rg6+ Rxg6 34. h8=Q Rd2 35. a4 Rgxg2+ 36. Kf1 Rgf2+ 37. Ke1 Rfe2+
38. Kf1 Re6 39. Qh4 Rd1+ 40. Kf2 Rd2+ 41. Kf1 Rd1+ 42. Kf2 Rdd6 43. Qb4+ Kc7
44. Qc5+ Kb8 45. a5 Rf6 46. Qe5 f4 47. c4 Kc8 48. Qe8+ Rd8 49. Qe5 Rdf8 50.
c5 f3 51. Qe7 R8f7 52. Qe8+ Kc7 53. Qb5 Rc6 54. Qc4 Rf5 55. Qe4
{Black forfeits on time}
1-0

[Event "ICC tourney 1941 (7 2)"]
[Site "Internet Chess Club"]
[Date "2020.07.31"]
[Round "6"]
[White "benusa"]
[Black "babysnake"]
[Result "0-1"]
[ICCResult "White forfeits on time"]
[WhiteElo "2241"]
[BlackElo "2366"]
[Opening "Queen's Indian: Petrosian system"]
[ECO "E12"]
[NIC "QI.04"]
[Time "21:51:20"]
[TimeControl "420+2"]

1. d4 Nf6 2. c4 e6 3. Nf3 b6 4. a3 Bb7 5. Nc3 g6 6. Qc2 d5 7. cxd5 exd5 8.
Bf4 c6 9. e3 Bg7 10. Bd3 O-O 11. O-O Nbd7 12. h3 Re8 13. Rac1 Nh5 14. Bh2 f5
15. b4 Nhf6 16. Ne5 Ne4 17. Nxd7 Qxd7 18. Ne2 Rac8 19. Rfd1 Qe7 20. Qb3 Kh8
21. a4 a6 22. Re1 c5 23. bxc5 bxc5 24. dxc5 Nxc5 25. Qa3 d4 26. Nxd4 Nxd3
27. Qxd3 Qd7 28. Rxc8 Rxc8 29. Qb3 Re8 30. Rd1 Bd5 31. Qb4 Ba8 32. Bf4 Qd5
33. f3 h6 34. h4 Qd8 35. Qc4 Kh7 36. Qf7 Re7 37. Qb3 Rd7 38. Bg3 Qe7 39. Bf2
Qf6 40. Rc1 f4 41. Ne2 fxe3 42. Qxe3 Re7 43. Qd3 Qb2 44. Rc2 Qa1+ 45. Kh2
Qxa4 46. h5 Qe8 47. Nf4 Be5 48. Bg3 Bxf4 49. Bxf4 Qf7 50. Bg3 Qf5 51. hxg6+
Qxg6 52. Qxg6+ Kxg6 53. Rc8 Bb7 54. Rc5 Re2 55. Kh3 Rb2 56. Bc7 Bc8+ 57. Kg3
Bd7 58. Rd5 Bb5 59. Bf4 Bf1 60. Rd6+ Kf5 61. Rd5+ Ke6 62. Rd6+ Ke7 63. Rxh6
Rxg2+ 64. Kh4 Rg8 65. Bg5+ Kd7 66. f4 a5 67. Rh7+ Kc6 68. Ra7 Kb6 69. Rd7 a4
70. f5 a3 71. Rd1 Bc4 72. Ra1 a2 73. f6 Kb5 74. Kh5 Bf7+ 75. Kg4 Kc4 76. Kf5
Rb8 77. Bf4 Rb5+ 78. Kg4 Kd3 79. Kf3 Kd4 80. Be3+ Ke5 81. Bg5 Rb1 82. Bd2
Kf5 83. Bc3 Rb3 84. Ke2 Rxc3 85. Kd2 Rc8 86. Rf1+ Kg6 87. Rg1+ Kxf6 88. Rf1+
Ke7 89. Ra1 Be6 90. Re1 Kd6 91. Ra1 Bb3 92. Re1 Rc2+ 93. Kd3 Rb2 94. Kc3 Rb1
{White forfeits on time}
0-1

[Event "ICC tourney 1941 (7 2)"]
[Site "Internet Chess Club"]
[Date "2020.07.31"]
[Round "7"]
[White "pyaru536"]
[Black "MasterZachary"]
[Result "0-1"]
[ICCResult "White checkmated"]
[WhiteElo "1405"]
[BlackElo "2179"]
[Opening "QGD: Grau (Sahovic) defense"]
[ECO "D06"]
[NIC "QP.08"]
[Time "22:23:37"]
[TimeControl "420+2"]

1. d4 d5 2. c4 Bf5 3. cxd5 Bxb1 4. Rxb1 Qxd5 5. Nf3 Qxa2 6. Bf4 Nc6 7. e4 e5
8. Nxe5 Bb4+ 9. Bd2 Bxd2+ 10. Kxd2 Nxe5 11. dxe5 O-O-O+ 12. Bd3 Ne7 13. Qc2
Nc6 14. Rhc1 Rxd3+ 15. Qxd3 Rd8 16. Qxd8+ Kxd8 17. Ke3 Nxe5 18. Rd1+ Kc8 19.
f3 Nc4+ 20. Kf2 Nxb2 21. Rf1 Nd1+ 22. Kg3 Qxb1 23. e5 Qc1 24. h4 a5 25. f4
a4 26. f5 Qe3+ 27. Kh2 Qxe5+ 28. Kh1 Ne3 29. Re1 Qg3 30. Rxe3 Qxe3 31. f6
gxf6 32. h5 a3 33. h6 a2 34. g4 a1=Q+ 35. Kg2 Qag1# {White checkmated} 0-1

[Event "ICC tourney 1941 (7 2)"]
[Site "Internet Chess Club"]
[Date "2020.07.31"]
[Round "7"]
[White "Rohith-p"]
[Black "JohnnyHop98"]
[Result "1/2-1/2"]
[ICCResult "Game drawn by mutual agreement"]
[WhiteElo "1771"]
[BlackElo "1757"]
[Opening "Caro-Kann: two knights, 3...Bg4"]
[ECO "B11"]
[NIC "CK.01"]
[Time "22:23:29"]
[TimeControl "420+2"]

1. e4 c6 2. Nc3 d5 3. Nf3 Bg4 4. h3 Bxf3 5. Qxf3 dxe4 6. Nxe4 e6 7. c3 Nd7
8. d4 Ngf6 9. Bd3 Nxe4 10. Qxe4 Nf6 11. Qe2 Bd6 12. O-O Qc7 13. a4 O-O
{Game drawn by mutual agreement}
1/2-1/2

[Event "ICC tourney 1941 (7 2)"]
[Site "Internet Chess Club"]
[Date "2020.07.31"]
[Round "7"]
[White "Vish1080"]
[Black "Kokoro"]
[Result "0-1"]
[ICCResult "White checkmated"]
[WhiteElo "1686"]
[BlackElo "1782"]
[Opening "Grünfeld: 5.e3"]
[ECO "D94"]
[NIC "GI.07"]
[Time "22:23:58"]
[TimeControl "420+2"]

1. Nf3 Nf6 2. c4 g6 3. d4 d5 4. Nc3 Bg7 5. e3 c5 6. cxd5 Nxd5 7. Bc4 Nxc3 8.
bxc3 O-O 9. Ba3 cxd4 10. cxd4 Qa5+ 11. Qd2 Qxa3 12. O-O Nc6 13. Rab1 Qd6 14.
Rfd1 b6 15. d5 Ne5 16. Nxe5 Bxe5 17. f4 Bg7 18. e4 Qc5+ 19. Kh1 Qxc4 20. e5
Bb7 21. d6 exd6 22. exd6 Rad8 23. d7 Qc6 24. Rbc1 Rxd7 25. Qxd7 Qxg2#
{White checkmated}
0-1

[Event "ICC tourney 1941 (7 2)"]
[Site "Internet Chess Club"]
[Date "2020.07.31"]
[Round "7"]
[White "londonkid"]
[Black "dabbindino"]
[Result "1-0"]
[ICCResult "Black resigns"]
[WhiteElo "1878"]
[BlackElo "1710"]
[Opening "Bogo-Indian defense, Grünfeld variation"]
[ECO "E11"]
[NIC "QI.01"]
[Time "22:23:28"]
[TimeControl "420+2"]

1. d4 Nf6 2. c4 e6 3. Nf3 Bb4+ 4. Nbd2 d5 5. Qa4+ Nc6 6. a3 Bxd2+ 7. Bxd2
O-O 8. e3 Bd7 9. Qc2 Qe7 10. Bd3 h6 11. O-O dxc4 12. Bxc4 a5 13. e4 e5 14.
d5 Nd4 15. Nxd4 exd4 16. Rae1 c6 17. d6 Qe8 18. e5 Nd5 19. Qe4 Be6 20. Bd3
g6 21. Bxh6 Bf5 22. Qxd4 Bxd3 23. Qxd3 {Black resigns} 1-0